 Dungeon Crawl Stone Soup version 0.32-a0-612-g1c984fe9d1 (webtiles) character file.

Game seed: 11056684315405104599

205 CougarLife the Digger (level 5, -10/28 HPs)
             Began as a Gargoyle Earth Elementalist on Mar 4, 2024.
             Shot with an arrow by a centaur (13 damage)
             ... on level 5 of the Dungeon.
             The game lasted 00:02:16 (2363 turns).

CougarLife the Digger (Gargoyle Earth Elementalist) Turns: 2363, Time: 00:02:17

Health: -10/28     AC:  8    Str: 11    XL:     5   Next: 83%
Magic:  1/10       EV: 11    Int: 18    God:
Gold:   152        SH:  0    Dex: 10    Spells: 6/10 levels left

rFire   . . .        a - +0 dagger
rCold   . . .        (no shield)
rNeg    + + .        c - +2 robe {rN+}
rPois   ∞            (no helmet)
rElec   +            (no cloak)
rCorr   .            (no gloves)
SInv    .            (no boots)
Will    .....        (no amulet)
Stlth   ++           (no ring)
HPRegen 0.24/turn    (no ring)
MPRegen 0.12/turn

%: no passive effects
@: very slightly contaminated
A: sickness immunity, AC +4, negative energy resistance 1, electricity
resistance, torment resistance 1, petrification resistance
a: no special abilities


You were on level 5 of the Dungeon.
You visited 1 branch of the dungeon, and saw 5 of its levels.

You collected 152 gold pieces.

Inventory:

Hand Weapons
 a - a +0 dagger (weapon)
Armour
 c - a +2 robe of positive energy (worn)
Wands
 j - a wand of charming (8)
Scrolls
 b - a scroll of fog {unknown}
 d - 2 scrolls of identify {unknown}
 f - a scroll of silence {unknown}
 g - 2 scrolls of teleportation {unknown}
 h - a scroll of fear {unknown}
Potions
 e - a potion of mutation {unknown}
 i - 2 potions of curing {unknown}
 k - a potion of haste {unknown}


   Skills:
 - Level 1.5 Dodging
 - Level 2.1 Stealth
 + Level 3.4 Spellcasting
 + Level 3.5 Conjurations
 + Level 5.3 Earth Magic


You had 6 spell levels left.
You knew the following spells:

 Your Spells              Type           Power      Damage    Failure   Level
a - Sandblast             Erth           44%        2d11      1%          1
b - Stone Arrow           Conj/Erth      36%        3d9       8%          3

Your spell library contained the following spells:

 Spells                   Type           Power      Damage    Failure   Level
 Passwall                 Erth           22%        N/A       5%          3
 Brom's Barrelling Bould  Conj/Erth      18%        2d4       26%         4
 Petrify                  Alch/Erth      12%        N/A       45%         4


Dungeon Overview and Level Annotations

Branches:
Dungeon (6/15)
 Temple: D:4-7

Altars:
Kikubaaqudgha
Zin

Shops:
D:2 (


Innate Abilities, Weirdness & Mutations

You are immune to sickness and miasma.
Your stone body is resilient. (AC +4)
You are immune to poison.
You resist negative energy. (rN+)
You are resistant to electric shocks. (rElec)
You are resistant to unholy torment.
You are immune to petrification.


Message History

a +0 club; a +0 ring mail
Found a stone staircase leading up.
There is a stone staircase leading up here.
You climb upwards.
There is a stone staircase leading down here.
You open the door.
A centaur comes into view.
The centaur shouts!
The centaur wields a +0 shortbow.
The centaur shoots an arrow.
The arrow hits you.
Found an escape hatch in the ceiling.
There is an open door here.
Casting: Sandblast (safe; 1% risk of failure)
Confirm with . or Enter, or press ? or * to list all spells.
Aiming: Stone Arrow (quite dangerous; 8% risk of failure)
Press: ? - help, Shift-Dir - straight line, f - centaur
Aim: a centaur, wielding a +0 shortbow (81% to hit)
You miscast Stone Arrow.
You are very lightly contaminated with residual magic.
Nothing appears to happen.
The centaur shoots an arrow.
The arrow hits you!
The centaur shoots an arrow.
The arrow hits you.
Casting: Stone Arrow (quite dangerous; 8% risk of failure)
Confirm with . or Enter, or press ? or * to list all spells.
Aiming: Stone Arrow (quite dangerous; 8% risk of failure)
Press: ? - help, Shift-Dir - straight line, f/p - centaur
Aim: a centaur, wielding a +0 shortbow (81% to hit)
The stone arrow hits the centaur!!
The centaur is almost dead.
The centaur shoots an arrow.
The arrow hits you!
* * * LOW HITPOINT WARNING * * *
Casting: Stone Arrow (quite dangerous; 8% risk of failure)
Confirm with . or Enter, or press ? or * to list all spells.
Aiming: Stone Arrow (quite dangerous; 8% risk of failure)
Press: ? - help, Shift-Dir - straight line, f/p - centaur
Aim: a centaur, wielding a +0 shortbow (almost dead, 81% to hit)
The stone arrow misses the centaur.
The centaur shoots an arrow.
The arrow hits you.
* * * LOW HITPOINT WARNING * * *
The centaur shoots an arrow.
The arrow hits you!
You die...

##.<.....##
#.........###
+...........
#.....c....
#.......#
#^....# #...#
#@# #.# #.#
##.## ##...##
#.....# ##...##
...####.#######
#.............


You could see a centaur.

Vanquished Creatures
  A phantom (D:6)
  2 adders (D:2)
  7 gnolls (D:2)
  2 dart slugs
  An orc (D:6)
  An endoplasm (D:1)
  4 giant cockroaches
  4 goblins
  2 hobgoblins (D:1)
  4 jackals (D:3)
  A quokka (D:1)
  4 ball pythons
  3 bats (D:1)
  A frilled lizard (D:2)
  3 kobolds
  5 rats
45 creatures vanquished.

Notes
Turn   | Place    | Note
-------+----------+-------------------------------------------
     0 | D:1      | CougarLife the Gargoyle Earth Elementalist began the quest
                  | for the Orb.
     0 | D:1      | Reached XP level 1. HP: 10/10 MP: 3/3
   283 | D:1      | Reached XP level 2. HP: 15/15 MP: 3/5
   504 | D:1      | Reached skill level 4 in Earth Magic
  1030 | D:2      | Reached XP level 3. HP: 18/19 MP: 4/6
  1044 | D:2      | Reached XP level 4. HP: 6/24 MP: 3/8
  1186 | D:2      | Found Gueh's Weapon Emporium.
  1505 | D:2      | Learned a level 3 spell: Stone Arrow
  1650 | D:2      | Reached XP level 5. HP: 28/28 MP: 7/9
  1997 | D:3      | Found an ancient bone altar of Kikubaaqudgha.
  2197 | D:3      | Found a glowing silver altar of Zin.
  2231 | D:3      | You fall into a shaft and drop 3 floors!
  2256 | D:6      | Noticed a phantom
  2273 | D:6      | Killed a phantom
  2274 | D:6      | Reached skill level 5 in Earth Magic
  2350 | D:5      | Entered Level 5 of the Dungeon
  2359 | D:5      | Noticed a centaur
  2363 | D:5      | Shot with an arrow by a centaur

Illustrated notes

Levels and vault maps discovered:
D:1:      pf_arrival_petrified_forest, layout_basic
D:2:      layout_basic, serial_shops, shop, minmay_misc_feat_x
D:3:      layout_loops_ring, mainiacjoe_overflow_six_doors_small,
          nemelex_spade_bored_becter, lemuel_tele_altar,
          nicolae_gozag_seed_capital
D:5:      layout_loops_corners
D:6:      layout_rooms

Skill      XL: |  1  2  3  4  5 |
---------------+----------------+-----
Earth Magic    | 4 5 |  5.3
Conjurations   | 2 3 |  3.5
Spellcasting   | 3 |  3.4
Dodging        | |  1.5
Stealth        | |  2.1

Action                     |  1- 3 |  4- 6 || total
---------------------------+-------+-------++-------
  Melee: Unarmed           |     3 |       ||     3
         Dagger            |     6 |     1 ||     7
   Cast: Sandblast         |    37 |    36 ||    73
         Stone Arrow       |       |     2 ||     2
    Use: Potion            |     1 |       ||     1
 Armour: Robe              |    21 |    16 ||    37
  Dodge: Dodged            |    15 |    18 ||    33

Table legend: (Time is in decaauts)
 A = Elapsed time spent in this place.
 B = Non-inter-level travel time spent in this place.
 C = Inter-level travel time spent in this place.
 D = Time resting spent in this place.
 E = Time spent auto-exploring this place.
 F = Levels seen in this place.
 G = Mean time per level.
                   A        B        C        D        E       F      G
               +--------+--------+--------+--------+--------+-----+--------+
         Total |   2397 |   2366 |     31 |    133 |   1879 |   5 |  479.4 |
       Dungeon |   2397 |   2366 |     31 |    133 |   1879 |   5 |  479.4 |
               +--------+--------+--------+--------+--------+-----+--------+

Top non-repeatable levels by time:
     D:2: 1104 daAuts
     D:1: 887 daAuts
     D:3: 271 daAuts
     D:6: 122 daAuts
     D:5: 12 daAuts
